[ AOE2 MATCH · #495963496 ]
UnrankedChinese vs Romans
Player's team · WIN
Rival team · LOSS
[ REPLAY ANALYSIS · EXTRACTED FROM THE RECORDED GAME ]
Feudal
8:44
Castle
20:13
Imperial
33:51
| APM avg | 47.3 |
| APM peak | 125 |
| eAPM avg | 24.2 |
| Villagers / military | 139 / 79 |
Focus
⚔️ 36.3% · 🌾 63.7%
Archer ×34 · Knight ×28 · Scout Cavalry ×6 · Iron Pagoda ×5 · Battering Ram ×3 · Trebuchet (Packed) ×2
Feudal
9:16
Castle
20:30
Imperial
—
| APM avg | 63.1 |
| APM peak | 109 |
| eAPM avg | 27.2 |
| Villagers / military | 159 / 82 |
Focus
⚔️ 30.7% · 🌾 69.3%
Spearman ×36 · Skirmisher ×19 · Archer ×14 · Mangonel ×5 · Scorpion ×4 · Militia ×3
Match map
Initial resources + every placement click. Lines = walls · curves = elevation contours. ◆ gold · ⬟ stone · ● berries · ✦ relic · ◌ wall gap
Your base· ✓ Closed at 20:13 · 44t walls · no gate
[SotC] PerezPodrido's base· ✓ Closed at 20:30 · 22t walls · 1 gate(s)
Smoothed initial terrain · ◌ = detected wall gap · hover for details
Inputs per minute
— buddybadi - - [SotC] PerezPodrido
Build order — buddybadi
First 150 of 369 actions detected
| 0:04 | Research | Loom |
| 0:40 | Queue | Villager (Male) |
| 1:09 | Queue | Villager (Male) |
| 1:32 | Queue | Villager (Male) |
| 1:55 | Queue | Villager (Male) |
| 2:16 | Build | Lumber Camp |
| 2:22 | Queue | Villager (Male) |
| 2:46 | Queue | Villager (Male) |
| 2:58 | Build | House |
| 3:09 | Queue | Villager (Male) |
| 3:35 | Queue | Villager (Male) |
| 3:50 | Queue | Villager (Male) |
| 4:20 | Queue | Villager (Male) |
| 4:41 | Build | Mill |
| 4:44 | Queue | Villager (Male) |
| 5:00 | Build | House |
| 5:14 | Queue | Villager (Male) |
| 5:42 | Queue | Villager (Male) |
| 6:03 | Queue | Villager (Male) |
| 6:32 | Research | Feudal Age |
| 7:22 | Build | Barracks |
| 8:01 | Queue | Villager (Male) |
| 8:03 | Build | Mining Camp |
| 8:13 | Build | Palisade Wall |
| 8:23 | Build | House |
| 8:24 | Queue | Villager (Male) |
| 8:44 | Age | Feudal Age |
| 8:49 | Build | Archery Range |
| 8:52 | Research | Double-Bit Axe |
| 9:21 | Queue | Villager (Male) |
| 9:25 | Build | Palisade Wall |
| 9:29 | Build | House |
| 9:31 | Build | Palisade Wall |
| 9:41 | Queue | Villager (Male) |
| 9:41 | Queue | Villager (Male) |
| 9:54 | Build | Mill |
| 9:58 | Build | Palisade Wall |
| 10:02 | Build | Palisade Wall |
| 10:03 | Queue | Villager (Male) |
| 10:06 | Build | Palisade Wall |
| 10:13 | Queue | Archer |
| 10:26 | Queue | Villager (Male) |
| 10:43 | Queue | Archer |
| 10:47 | Build | Lumber Camp |
| 10:48 | Queue | Villager (Male) |
| 10:59 | Queue | Archer |
| 11:04 | Build | Farm |
| 11:13 | Queue | Villager (Male) |
| 11:28 | Build | House |
| 11:29 | Build | House |
| 11:39 | Build | Farm |
| 11:43 | Queue | Villager (Male) |
| 11:50 | Build | House |
| 12:00 | Build | Palisade Wall |
| 12:01 | Build | Palisade Wall |
| 12:03 | Queue | Archer |
| 12:07 | Build | Palisade Wall |
| 12:10 | Queue | Villager (Male) |
| 12:15 | Build | Palisade Wall |
| 12:19 | Build | Palisade Wall |
| 12:26 | Build | Farm |
| 12:28 | Build | Farm |
| 12:29 | Build | Farm |
| 12:31 | Queue | Archer |
| 13:01 | Build | Blacksmith |
| 13:09 | Queue | Archer |
| 13:11 | Build | Farm |
| 13:13 | Build | Farm |
| 13:13 | Queue | Villager (Male) |
| 13:27 | Build | Palisade Wall |
| 13:33 | Build | House |
| 13:42 | Queue | Villager (Male) |
| 13:43 | Build | Farm |
| 13:44 | Queue | Archer |
| 13:57 | Build | Farm |
| 14:03 | Queue | Villager (Male) |
| 14:08 | Build | Farm |
| 14:10 | Queue | Archer |
| 14:10 | Queue | Archer |
| 14:28 | Research | Fletching |
| 14:29 | Queue | Villager (Male) |
| 14:33 | Build | Farm |
| 14:45 | Queue | Archer |
| 14:47 | Queue | Villager (Male) |
| 14:50 | Build | Farm |
| 15:08 | Queue | Villager (Male) |
| 15:11 | Build | Farm |
| 15:17 | Build | House |
| 15:41 | Queue | Villager (Male) |
| 15:42 | Queue | Archer |
| 15:47 | Build | Stable |
| 15:58 | Build | Archery Range |
| 16:10 | Queue | Archer |
| 16:13 | Queue | Villager (Male) |
| 16:20 | Build | Farm |
| 16:37 | Queue | Villager (Male) |
| 16:44 | Queue | Archer |
| 16:52 | Queue | Archer |
| 16:59 | Queue | Villager (Male) |
| 17:10 | Build | House |
| 17:33 | Research | Castle Age |
| 17:39 | Build | House |
| 17:43 | Build | House |
| 17:59 | Queue | Archer |
| 18:02 | Research | Gold Mining |
| 18:32 | Queue | Archer |
| 18:33 | Queue | Archer |
| 18:36 | Research | Horse Collar |
| 19:03 | Queue | Archer |
| 19:03 | Queue | Archer |
| 19:43 | Queue | Archer |
| 19:43 | Queue | Archer |
| 20:13 | Age | Castle Age |
| 20:15 | Research | Crossbowman (upgrade) |
| 20:15 | Research | Bodkin Arrow |
| 20:19 | Queue | Villager (Male) |
| 20:22 | Build | Town Center |
| 20:30 | Build | Town Center |
| 20:32 | Research | Bow Saw |
| 20:36 | Queue | Villager (Male) |
| 20:59 | Queue | Villager (Male) |
| 21:02 | Research | Heavy Plow |
| 21:04 | Build | Farm |
| 21:08 | Queue | Archer |
| 21:08 | Queue | Archer |
| 21:24 | Queue | Villager (Male) |
| 21:31 | Queue | Villager (Male) |
| 21:31 | Queue | Villager (Male) |
| 21:43 | Queue | Villager (Male) |
| 21:43 | Queue | Villager (Male) |
| 21:49 | Queue | Villager (Male) |
| 21:49 | Queue | Villager (Male) |
| 21:54 | Build | Farm |
| 21:57 | Build | Farm |
| 21:58 | Build | Farm |
| 22:06 | Queue | Archer |
| 22:06 | Queue | Archer |
| 22:06 | Queue | Archer |
| 22:08 | Queue | Villager (Male) |
| 22:15 | Queue | Villager (Male) |
| 22:16 | Queue | Villager (Male) |
| 22:25 | Queue | Villager (Male) |
| 22:30 | Build | Siege Workshop |
| 22:37 | Queue | Archer |
| 22:38 | Queue | Archer |
| 22:46 | Queue | Villager (Male) |
| 22:46 | Queue | Villager (Male) |
| 22:53 | Build | Farm |
| 22:56 | Queue | Villager (Male) |
| 23:04 | Build | Farm |
Build order — [SotC] PerezPodrido
First 150 of 389 actions detected
| 0:01 | Queue | Villager (Male) |
| 0:01 | Queue | Villager (Male) |
| 0:02 | Build | House |
| 0:03 | Queue | Villager (Male) |
| 0:03 | Queue | Villager (Male) |
| 0:04 | Build | House |
| 1:21 | Queue | Villager (Male) |
| 1:22 | Queue | Villager (Male) |
| 1:57 | Build | Lumber Camp |
| 1:57 | Queue | Villager (Male) |
| 1:58 | Queue | Villager (Male) |
| 2:11 | Queue | Villager (Male) |
| 2:11 | Queue | Villager (Male) |
| 2:11 | Queue | Villager (Male) |
| 2:45 | Queue | Villager (Male) |
| 2:45 | Queue | Villager (Male) |
| 2:57 | Queue | Villager (Male) |
| 2:57 | Queue | Villager (Male) |
| 3:28 | Queue | Villager (Male) |
| 3:52 | Queue | Villager (Male) |
| 3:57 | Build | House |
| 4:19 | Build | House |
| 4:25 | Queue | Villager (Male) ×2 |
| 4:37 | Queue | Villager (Male) |
| 5:19 | Build | Barracks |
| 5:29 | Queue | Villager (Male) |
| 6:03 | Queue | Villager (Male) |
| 6:24 | Research | Loom |
| 6:30 | Build | Mining Camp |
| 7:04 | Research | Feudal Age |
| 7:15 | Queue | Militia |
| 7:28 | Queue | Militia |
| 7:44 | Queue | Militia |
| 8:01 | Build | House |
| 8:07 | Build | Mill |
| 8:32 | Queue | Villager (Male) |
| 9:16 | Age | Feudal Age |
| 9:30 | Research | Man-at-Arms (upgrade) |
| 9:32 | Queue | Villager (Male) |
| 9:49 | Queue | Villager (Male) |
| 9:54 | Build | Farm |
| 9:55 | Build | Farm |
| 9:56 | Build | Farm |
| 10:10 | Build | Farm |
| 10:11 | Queue | Villager (Male) |
| 10:18 | Build | House |
| 10:39 | Build | Farm |
| 10:48 | Queue | Villager (Male) |
| 10:53 | Build | House |
| 10:57 | Build | Archery Range |
| 10:58 | Queue | Spearman |
| 11:05 | Queue | Villager (Male) |
| 11:09 | Build | House |
| 11:10 | Build | Palisade Wall |
| 11:36 | Build | Palisade Wall |
| 11:39 | Queue | Villager (Male) |
| 11:49 | Queue | Archer |
| 11:57 | Queue | Archer |
| 12:13 | Queue | Villager (Male) |
| 12:14 | Queue | Archer |
| 12:16 | Queue | Villager (Male) |
| 12:33 | Queue | Villager (Male) |
| 12:37 | Build | Mill |
| 12:46 | Queue | Villager (Male) |
| 12:52 | Build | House |
| 12:53 | Build | Palisade Wall |
| 12:55 | Queue | Archer |
| 13:03 | Build | Farm |
| 13:14 | Queue | Villager (Male) |
| 13:21 | Build | House |
| 13:44 | Queue | Archer |
| 14:05 | Build | Blacksmith |
| 14:07 | Queue | Villager (Male) |
| 14:16 | Build | Palisade Gate |
| 14:26 | Build | Palisade Wall |
| 14:28 | Build | Palisade Wall |
| 14:31 | Queue | Villager (Male) |
| 14:39 | Build | Farm |
| 14:43 | Queue | Villager (Male) |
| 14:49 | Research | Fletching |
| 14:59 | Queue | Archer |
| 15:16 | Queue | Villager (Male) |
| 15:33 | Build | Farm |
| 15:38 | Queue | Villager (Male) |
| 15:58 | Queue | Villager (Male) |
| 16:16 | Build | Farm |
| 16:19 | Research | Wheelbarrow |
| 16:19 | Research | Wheelbarrow |
| 16:29 | Build | Farm |
| 16:41 | Build | Farm |
| 16:47 | Queue | Villager (Male) |
| 16:57 | Queue | Archer |
| 17:06 | Build | Lumber Camp |
| 17:21 | Queue | Archer |
| 17:50 | Research | Castle Age |
| 17:53 | Queue | Archer |
| 18:25 | Queue | Villager (Male) |
| 18:38 | Queue | Archer |
| 18:40 | Research | Padded Archer Armor |
| 18:40 | Research | Padded Archer Armor |
| 19:06 | Research | Town Watch |
| 19:08 | Queue | Villager (Male) |
| 19:16 | Queue | Archer |
| 19:33 | Build | Archery Range |
| 19:35 | Queue | Archer |
| 19:58 | Queue | Archer |
| 19:58 | Queue | Villager (Male) |
| 20:09 | Queue | Skirmisher |
| 20:14 | Build | Market |
| 20:23 | Queue | Skirmisher |
| 20:30 | Age | Castle Age |
| 20:34 | Research | Bodkin Arrow |
| 20:34 | Research | Bodkin Arrow |
| 20:37 | Queue | Villager (Male) |
| 20:41 | Research | Crossbowman (upgrade) |
| 20:41 | Research | Crossbowman (upgrade) |
| 21:00 | Queue | Villager (Male) |
| 21:04 | Build | Town Center |
| 21:05 | Queue | Villager (Male) |
| 21:07 | Queue | Villager (Male) |
| 21:13 | Queue | Archer |
| 21:24 | Queue | Villager (Male) |
| 21:28 | Queue | Villager (Male) |
| 21:37 | Queue | Villager (Male) |
| 21:47 | Queue | Villager (Male) |
| 22:00 | Queue | Villager (Male) |
| 22:08 | Queue | Villager (Male) |
| 22:18 | Queue | Villager (Male) |
| 22:20 | Build | House |
| 22:21 | Queue | Villager (Male) |
| 22:38 | Research | Elite Skirmisher (upgrade) |
| 22:39 | Queue | Skirmisher |
| 22:39 | Queue | Skirmisher |
| 22:49 | Queue | Villager (Male) |
| 23:02 | Queue | Skirmisher |
| 23:03 | Queue | Villager (Male) |
| 23:05 | Queue | Villager (Male) |
| 23:11 | Build | Town Center |
| 23:23 | Queue | Skirmisher |
| 23:23 | Queue | Skirmisher |
| 23:24 | Queue | Villager (Male) |
| 23:30 | Queue | Villager (Male) |
| 23:41 | Queue | Skirmisher |
| 23:43 | Queue | Skirmisher |
| 24:09 | Queue | Villager (Male) |
| 24:13 | Queue | Skirmisher |
| 24:13 | Queue | Skirmisher |
| 24:20 | Build | Farm |
| 24:21 | Build | Farm |
| 24:23 | Build | Farm |
Match timeline
| 5:19 | [SotC] PerezPodrido · first_building Barracks |
| 7:22 | buddybadi · first_building Barracks |
| 8:13 | buddybadi · wall_segment Palisade Wall x1 |
| 8:44 | buddybadi · age_up feudal |
| 8:49 | buddybadi · first_building Archery Range |
| 9:16 | [SotC] PerezPodrido · age_up feudal |
| 9:25 | buddybadi · wall_segment Palisade Wall x4 |
| 9:31 | buddybadi · wall_segment Palisade Wall x1 |
| 9:58 | buddybadi · wall_segment Palisade Wall x1 |
| 10:02 | buddybadi · wall_segment Palisade Wall x1 |
| 10:06 | buddybadi · wall_segment Palisade Wall x1 |
| 10:57 | [SotC] PerezPodrido · first_building Archery Range |
| 11:10 | [SotC] PerezPodrido · wall_segment Palisade Wall x4 |
| 11:36 | [SotC] PerezPodrido · wall_segment Palisade Wall x6 |
| 12:00 | buddybadi · wall_segment Palisade Wall x9 |
| 12:01 | buddybadi · wall_segment Palisade Wall x2 |
| 12:07 | buddybadi · wall_segment Palisade Wall x8 |
| 12:15 | buddybadi · wall_segment Palisade Wall x2 |
| 12:19 | buddybadi · wall_segment Palisade Wall x2 |
| 12:53 | [SotC] PerezPodrido · wall_segment Palisade Wall x1 |
| 13:27 | buddybadi · wall_segment Palisade Wall x12 |
| 14:26 | [SotC] PerezPodrido · wall_segment Palisade Wall x5 |
| 14:28 | [SotC] PerezPodrido · wall_segment Palisade Wall x6 |
| 15:47 | buddybadi · first_building Stable |
| 20:13 | buddybadi · age_up castle |
| 20:30 | [SotC] PerezPodrido · age_up castle |
| 22:30 | buddybadi · first_building Siege Workshop |
| 24:34 | [SotC] PerezPodrido · first_market_sell 100 wood |
| 24:56 | [SotC] PerezPodrido · first_building Siege Workshop |
| 29:24 | buddybadi · first_building Monastery |
| 30:38 | buddybadi · first_market_sell 100 wood |
| 30:59 | [SotC] PerezPodrido · first_market_buy 100 stone |
| 33:51 | buddybadi · age_up imperial |
| 34:07 | buddybadi · first_building Castle |
| 34:26 | [SotC] PerezPodrido · first_building Monastery |
| 35:44 | [SotC] PerezPodrido · first_building Castle |
| 36:43 | [SotC] PerezPodrido · wall_segment Palisade Wall x1 |
| 37:55 | [SotC] PerezPodrido · resign |
[ AI ANALYSIS · 1 CREDIT ]
What really happened in this match?
Wolo.gg analyzes every decision: build order, eco, micro, common mistakes by bracket. Personalized analysis on WhatsApp or Discord in 30 seconds.
Civ guide
Chinese
Perfil
Jugador #8335776